 Dungeon Crawl Stone Soup version 0.19.1 (webtiles) character file.

96147 Peloso the Fencer (level 15, -15/143 HPs)
             Began as a Minotaur Fighter on Dec 27, 2016.
             Was the Champion of Okawaru.
             Demolished by a jumping spider (16 damage)
             ... on level 1 of the Spider Nest.
             The game lasted 01:20:18 (26831 turns).

Peloso the Fencer (Minotaur Fighter)               Turns: 26831, Time: 01:20:23

Health: -15/143    AC:  1    Str: 24    XL:     15   Next: 68%
Magic:  15/15      EV: 10    Int:  5    God:    Okawaru [******]
Gold:   2334       SH: 17    Dex: 16    Spells: 0 memorised, 14 levels left

rFire  . . .     SeeInvis .     L - +5 scimitar (flame)
rCold  . . .     Gourm    .     C - +1 plate armour
rNeg   . . .     Faith    .     c - +0 shield
rPois  +         Spirit   .     (helmet restricted)
rElec  .         Reflect  +     F - +0 cloak
rCorr  .         Harm     .     z - +0 pair of gloves
MR     +....                    (no boots)
Stlth  ..........               n - +2 amulet of reflection
                                y - ring of poison resistance
                                G - +3 ring of dexterity

@: about to teleport, corroded, very slightly contaminated
A: retaliatory headbutt, horns 2
a: Heroism, Finesse, Renounce Religion


You were on level 1 of the Spider Nest.
You worshipped Okawaru.
Okawaru was exalted by your worship.
You were not hungry.

You visited 4 branches of the dungeon, and saw 22 of its levels.

You collected 2427 gold pieces.
You spent 93 gold pieces at shops.

Inventory:

Hand Weapons
 w - the +1 demon blade of Suicidal Tendencies {slice, rElec Str+3}
   (Okawaru gifted it to you on level 13 of the Dungeon)

   It inflicts extra damage upon your enemies.
   It affects your strength (+3).
   It insulates you from electricity.
 L - a +5 scimitar of flaming (weapon)
Armour
 c - a +0 shield (worn)
 z - a +0 pair of gloves (worn)
 C - a +1 plate armour (worn)
 F - a +0 cloak (worn)
Jewellery
 n - a +2 amulet of reflection (around neck)
 p - an uncursed ring of see invisible
 y - a ring of poison resistance (right hand)
 D - a +4 ring of protection
 G - a +3 ring of dexterity (left hand)
 K - an uncursed ring of resist corrosion
Wands
 h - a wand of iceblast (6/15)
 m - a wand of acid (9/15)
 r - a wand of digging (5/24)
 H - a wand of iceblast (5/15)
Scrolls
 j - 6 scrolls of magic mapping
 k - 8 scrolls of remove curse
 o - 4 scrolls of identify
 q - a scroll of teleportation
 s - a scroll of fog
 u - 2 scrolls of recharging
 B - a scroll of enchant armour
 M - a scroll of fear
 X - a scroll of holy word
Potions
 d - 3 potions of flight
 g - a potion of heal wounds
 i - 7 potions of curing
 x - 2 potions of agility
 P - 2 potions of resistance
 R - a potion of haste
Books
 e - a book of Maledictions

   Spells                             Type                      Level
   a - Corona                         Hexes                        1
   b - Ensorcelled Hibernation        Hexes/Ice                    2
   c - Confuse                        Hexes                        3
   d - Tukima's Dance                 Hexes                        3
   e - Dazzling Spray                 Conjuration/Hexes            3
Comestibles
 a - 2 chunks of flesh
 b - 12 fruits
 f - 11 bread rations
 v - 6 meat rations
 N - 11 royal jellies


   Skills:
 + Level 15.7 Fighting
 + Level 16.9 Long Blades
 + Level 15.6 Armour
 + Level 4.0 Dodging
 + Level 1.9 Stealth
 + Level 16.9 Shields
 + Level 0.2 Invocations
 + Level 1.3 Evocations


You had 14 spell levels left.
You didn't know any spells.

Dungeon Overview and Level Annotations

Branches:
Dungeon (13/15)            Temple (0/1) D:4            Lair (6/6) D:8
  Swamp (0/4) Lair:4       Spider (1/4) Lair:2        Slime (0/5) Lair:5
    Orc (2/2) D:9             Elf (0/3) Orc:2        Vaults (0/5) D:13

Altars:
Elyvilon
Gozag
Makhleb
Okawaru
The Shining One
Beogh

Shops:
D:4 ?   Orc:2 [*(*

Portals:
Hell: Lair:6


Innate Abilities, Weirdness & Mutations

You reflexively headbutt those who attack you in melee.
You have a pair of horns on your head.


Message History

* * * LOW HITPOINT WARNING * * *
You disentangle yourself.
You block the jumping spider's attack. The jumping spider closely misses you.
The jumping spider leaps!
The entropy weaver mumbles some strange words.
The entropic weave corrodes you! The jumping spider pounces on you!
* * * LOW HITPOINT WARNING * * *
You block the jumping spider's attack.
You slash the jumping spider! You burn the jumping spider.
You headbutt the jumping spider, but do no damage.
The jumping spider is moderately wounded.
You block the jumping spider's attack. x2
Unknown command.
As you read the scroll of teleportation, it crumbles to dust.
You feel strangely unstable. The wolf spider hits you.
* * * LOW HITPOINT WARNING * * *
You block the wolf spider's attack.
The tarantella bites you but does no damage.
The jumping spider pounces on you!
You die...

.#.###..#.#....†.†...# #####
.....#..#..##.†##...^# # ≈...
...........#^#^...^###...
#.###^#####.##..##...^..###......
#......(..##..#.###..#.##....###.
≈#....s..?.##.....†#..........# .
≈..##...##...###.$#†..#...##.#.^#
.....a###....#..#s....##..# #
##.##s#§####...#@...#..#.... #
#..(...###.#ss.#....#.#..).
#...(.a..s>^.#.#.#...##..##
#..#####....#....#?##..# ... ##.
##...#.##..## ...# .. ##
#...#......# ##.> .^..#...###..
.#...#.#.. .## ...# #..


You could see a wolf spider, a jumping spider and a tarantella.

Vanquished Creatures
  2 emperor scorpions (Spider:1)
  An entropy weaver (shapeshifter) (D:9)
  2 dire elephants (Lair:6)
  An ettin (Orc:2)
  2 ogre magi (D:10)
  8 hydras
  4 vault guards (D:13)
  The ghost of Azzok the Geomancer, a journeyman GrEE of Sif Muna (D:13)
  Erica (D:8)
  5 death yaks
  Urug (D:13)
  4 orc high priests
  Sonja (D:13)
  A sun demon (Lair:6)
  2 iron trolls (D:13)
  A deep troll (D:13)
  An unseen horror (D:10)
  A wizard (Lair:6)
  7 hill giants
  Pikel (D:7)
  4 orc knights
  2 orb spiders (Spider:1)
  2 ugly things
  2 deep elf magi
  4 oklob plants
  5 orc sorcerers
  6 wolf spiders
  A manticore (D:13)
  7 elephants
  Maurice (Orc:1)
  A smoke demon (Lair:6)
  4 gargoyles
  3 black mambas
  Psyche (D:8)
  3 orange demons (Lair:6)
  A kobold demonologist (D:13)
  10 spiny frogs
  5 rime drakes
  11 komodo dragons
  4 ice devils (Lair:6)
  A hellwing (Lair:6)
  9 trolls
  A red devil (Lair:6)
  A queen bee (Lair:1)
  2 jumping spiders (Spider:1)
  2 hornets
  2 two-headed ogres
  8 slime creatures
  Grinder (D:6)
  9 blink frogs
  Prince Ribbit (Lair:3)
  14 hippogriffs
  6 dream sheep (Lair:4)
  A spriggan (D:7)
  A shadow (D:9)
  8 tarantellas (Spider:1)
  12 redbacks
  A vampire (D:11)
  A wraith (D:9)
  4 wyverns
  58 yaks
  3 basilisks
  Eustachio (D:6)
  2 steam dragons
  2 mottled dragons
  Menkaure (D:7)
  2 hungry ghosts (D:12)
  18 water moccasins
  4 sky beasts
  A slave (D:7)
  23 orc warriors
  9 porcupines
  2 ice beasts
  2 eyes of draining
  2 black bears
  13 ogres
  3 phantoms
  5 centaurs
  12 crocodiles
  2 big kobolds
  Blork the orc (D:5)
  13 bullfrogs
  A wyvern zombie (D:8)
  A troll zombie (D:9)
  A wyvern skeleton (D:11)
  4 scorpions
  35 killer bees
  5 howler monkeys
  16 wights
  7 electric eels
  5 crimson imps
  5 quasits
  4 bullfrog zombies
  11 orc priests
  14 orc wizards
  4 bullfrog skeletons
  A gnoll shaman (D:9)
  3 centaur skeletons
  6 hounds
  2 jellies
  10 iguanas
  7 worker ants
  7 ogre zombies (D:9)
  2 hound zombies
  A hound skeleton (D:9)
  2 worker ant zombies
  10 gnolls
  8 adders
  3 shadow imps
  An adder zombie (D:8)
  An adder skeleton (D:10)
  A worm (D:3)
  3 dart slugs
  13 leopard geckos
  69 orcs
  2 ball pythons (D:1)
  10 bats
  7 giant cockroaches
  7 goblins
  14 hobgoblins
  7 quokkas
  4 frilled lizards
  A giant cockroach zombie (D:5)
  A goblin skeleton (D:9)
  2 hobgoblin zombies (D:9)
  17 kobolds
  3 leopard gecko skeletons
  4 orc skeletons (D:9)
  17 orc zombies (D:9)
  A quokka zombie (D:5)
  12 rats
760 creatures vanquished.

Vanquished Creatures (others)
  A centaur warrior (D:13)
  A water moccasin (D:13)
  2 centaurs
  An orc wizard (Orc:2)
  A leopard gecko (D:7)
  An orc (D:8)
  A ball python (D:7)
  An orc zombie (D:9)
  12 fungi
  7 plants
  5 toadstools (D:1)
33 creatures vanquished.

Grand Total: 793 creatures vanquished

Notes
Turn   | Place    | Note
-------+----------+-------------------------------------------
     0 | D:1      | Peloso the Minotaur Fighter began the quest for the Orb.
     0 | D:1      | Reached XP level 1. HP: 19/19 MP: 0/0
   148 | D:1      | Reached XP level 2. HP: 27/27 MP: 1/1
   906 | D:2      | Reached XP level 3. HP: 33/33 MP: 2/2
  1365 | D:2      | Found an iron altar of Okawaru.
  1376 | D:2      | Reached XP level 4. HP: 35/41 MP: 3/3
  1386 | D:2      | Became a worshipper of Warmaster Okawaru
  2219 | D:3      | Found a faded altar of an unknown god.
  2278 | D:3      | Reached XP level 5. HP: 47/47 MP: 4/4
  2536 | D:3      | Found an opulent altar of Gozag.
  3276 | D:4      | Reached skill level 1 in Dodging
  3293 | D:4      | Found Zuikh's Magic Scroll Shop.
  3297 | D:4      | Bought a scroll of identify for 22 gold pieces
  3297 | D:4      | Bought a scroll of magic mapping for 38 gold pieces
  3297 | D:4      | Bought a scroll of remove curse for 33 gold pieces
  3594 | D:4      | Reached XP level 6. HP: 46/53 MP: 5/5
  3595 | D:4      | Reached skill level 5 in Shields
  3720 | D:4      | Found a staircase to the Ecumenical Temple.
  3831 | D:4      | Reached skill level 5 in Long Blades
  3831 | D:4      | Reached skill level 5 in Armour
  3944 | D:5      | Entered Level 5 of the Dungeon
  4013 | D:5      | Reached * piety under Okawaru
  4151 | D:5      | Reached skill level 5 in Fighting
  4152 | D:5      | Reached XP level 7. HP: 20/61 MP: 6/6
  4946 | D:5      | Noticed Blork the orc
  4961 | D:5      | Killed Blork the orc
  4961 | D:5      | Reached ** piety under Okawaru
  5168 | D:6      | Found a glowing golden altar of the Shining One.
  5188 | D:6      | Noticed Eustachio
  5226 | D:6      | Killed Eustachio
  5226 | D:6      | Reached XP level 8. HP: 43/70 MP: 7/7
  5682 | D:6      | Noticed Grinder
  5694 | D:6      | Paralysed by Grinder for 5 turns
  5709 | D:6      | Killed Grinder
  6738 | D:7      | Reached *** piety under Okawaru
  6738 | D:7      | Reached XP level 9. HP: 14/78 MP: 8/8
  6837 | D:7      | Noticed Menkaure
  7028 | D:7      | Killed Menkaure
  7427 | D:7      | Noticed Pikel
  7461 | D:7      | Killed Pikel
  7677 | D:7      | Reached **** piety under Okawaru
  7857 | D:8      | Reached skill level 10 in Long Blades
  8190 | D:8      | Reached XP level 10. HP: 66/88 MP: 9/9
  8301 | D:8      | Noticed a hill giant
  8316 | D:8      | Killed a hill giant
  8601 | D:8      | Reached skill level 10 in Armour
  8609 | D:8      | Noticed Psyche
  8618 | D:8      | Killed Psyche
  8745 | D:8      | Noticed Erica
  8802 | D:8      | Killed Erica
  8802 | D:8      | Reached ***** piety under Okawaru
  9064 | D:8      | Received a gift from Okawaru
  9073 | D:8      | Got a shimmering scale mail {god gift}
  9091 | D:8      | Reached skill level 10 in Shields
  9431 | D:8      | Found a staircase to the Lair.
  9551 | D:9      | Reached XP level 11. HP: 95/97 MP: 0/10
  9672 | D:9      | Identified the +1 scale mail of the Worm {rElec rF+ rCorr} (Okawaru gifted it to you on level 8 of the Dungeon)
  9726 | D:9      | Noticed a deep elf mage
  9750 | D:9      | Killed a deep elf mage
  9884 | D:9      | Found a staircase to the Orcish Mines.
 10156 | D:9      | Found a roughly hewn altar of Beogh.
 10461 | D:9      | Found a white marble altar of Elyvilon.
 10571 | D:10     | Entered Level 10 of the Dungeon
 10609 | D:10     | Noticed a hill giant
 10617 | D:10     | Killed a hill giant
 10784 | D:10     | Noticed an ogre mage
 10788 | D:10     | Noticed a shock serpent
 10788 | D:10     | a shock serpent changed into a faun
 10796 | D:10     | Noticed an ogre mage
 10797 | D:10     | Noticed a deep elf mage
 10872 | D:10     | Noticed an acid blob
 10895 | D:10     | Noticed a hill giant
 10903 | D:10     | Killed a hill giant
 11088 | D:11     | Reached skill level 10 in Fighting
 11245 | D:11     | Noticed a red ugly thing
 11256 | D:11     | Killed a red ugly thing
 11259 | D:11     | Reached ****** piety under Okawaru
 11410 | D:11     | Noticed a hill giant
 11419 | D:11     | Killed a hill giant
 11419 | D:11     | Received a gift from Okawaru
 11419 | D:11     | Reached XP level 12. HP: 34/108 MP: 11/11
 11935 | D:10     | Noticed a shadow dragon
 11935 | D:10     | Noticed a stone giant
 11935 | D:10     | a shadow dragon changed into a stone giant
 11948 | D:10     | Noticed a sphinx
 11948 | D:10     | Noticed a golden dragon
 11948 | D:10     | a sphinx changed into a golden dragon
 11960 | D:10     | HP: 1/108 [golden dragon (glowing shapeshifter) (5)]
 11967 | D:10     | Noticed a shadow dragon
 11982 | D:10     | Noticed a dire elephant
 11991 | D:10     | Noticed a stone giant
 12408 | Lair:1   | Entered Level 1 of the Lair of Beasts
 12441 | Lair:1   | Reached skill level 1 in Stealth
 13615 | Lair:2   | Found a hole to the Spider Nest.
 14350 | Lair:3   | Received a gift from Okawaru
 14722 | Lair:3   | Noticed Prince Ribbit
 14737 | Lair:3   | Killed Prince Ribbit
 14775 | Lair:3   | Got a transparent morningstar
 15402 | Lair:4   | Noticed a four-headed hydra
 15409 | Lair:4   | Killed a one-headed hydra
 15425 | Lair:4   | Reached XP level 13. HP: 91/118 MP: 12/12
 15448 | Lair:4   | Found a staircase to the Swamp.
 15470 | Lair:4   | Received a gift from Okawaru
 15473 | Lair:4   | Got an ichor-stained scale mail {god gift}
 15785 | Lair:4   | Identified the +2 scale mail of Orthodoxy {*Contam rN++ Dex+4} (Okawaru gifted it to you on level 4 of the Lair of Beasts)
 16052 | Lair:4   | Reached skill level 15 in Long Blades
 17493 | Lair:5   | Found a staircase to the Slime Pits.
 17787 | Lair:6   | Entered Level 6 of the Lair of Beasts
 17822 | Lair:5   | Received a gift from Okawaru
 18305 | Lair:6   | Reached XP level 14. HP: 126/129 MP: 13/13
 18610 | Lair:6   | Received a gift from Okawaru
 18613 | Lair:6   | Got an encrusted trident {god gift}
 19532 | Lair:6   | Found a burning altar of Makhleb.
 19544 | Lair:6   | Found a gateway to Hell.
 19839 | Lair:1   | Identified the +3 morningstar of the Walnut {flame, *Rage rPois rN+} (You found it on level 3 of the Lair of Beasts)
 19843 | Lair:1   | Identified the +1 trident of Dishonesty {freeze, *Noise MR+ Str+4 Int+4} (Okawaru gifted it to you on level 6 of the Lair of Beasts)
 19981 | D:10     | Noticed an emperor scorpion
 19990 | D:10     | Noticed a storm dragon
 19990 | D:10     | a seven-headed hydra changed into a storm dragon
 20001 | D:9      | Noticed an entropy weaver
 20001 | D:9      | a storm dragon changed into an entropy weaver
 20011 | D:9      | Killed an entropy weaver
 20218 | D:10     | Received a gift from Okawaru
 20394 | D:10     | Reached skill level 15 in Shields
 20394 | D:10     | Reached skill level 1 in Evocations
 21534 | D:13     | Noticed Azzok's ghost (journeyman GrEE)
 21549 | D:13     | Killed Azzok's ghost
 21549 | D:13     | Received a gift from Okawaru
 21552 | D:13     | Got an ancient demon blade {god gift}
 21553 | D:13     | Identified the +1 demon blade of Suicidal Tendencies {slice, rElec Str+3} (Okawaru gifted it to you on level 13 of the Dungeon)
 21582 | D:13     | Noticed Urug
 21595 | D:13     | Killed Urug
 22478 | D:13     | Reached skill level 15 in Armour
 22502 | D:13     | Noticed Sonja
 22507 | D:13     | Killed Sonja
 22507 | D:13     | Reached XP level 15. HP: 61/139 MP: 15/15
 22752 | D:13     | Found a gate to the Vaults.
 22820 | D:13     | Reached skill level 15 in Fighting
 23411 | Orc:1    | Entered Level 1 of the Orcish Mines
 23464 | Orc:1    | Noticed Maurice
 23481 | Orc:1    | Killed Maurice
 23567 | Orc:1    | Found a roughly hewn altar of Beogh.
 23757 | Orc:2    | Entered Level 2 of the Orcish Mines
 23765 | Orc:2    | Found a staircase to the Elven Halls.
 23972 | Orc:2    | Found Gapoy's General Store.
 24012 | Orc:2    | Received a gift from Okawaru
 24264 | Orc:1    | HP: 3/141 [orc knight/long sword (24)]
 24899 | Orc:2    | Found Olotau's Armour Emporium.
 24911 | Orc:2    | Found Timuucr Ylokh's Assorted Antiques.
 24917 | Orc:2    | Found Naseamas's Antique Weapon Shop.
 24947 | Orc:2    | Paralysed by an orc sorcerer for 5 turns
 25890 | Spider:1 | Entered Level 1 of the Spider Nest
 26823 | Spider:1 | HP: 2/143 [wolf spider (12)]
 26829 | Spider:1 | HP: 5/143 [jumping spider (13)]
 26831 | Spider:1 | HP: 1/143 [wolf spider (5)]
 26831 | Spider:1 | Demolished by a jumping spider

Skill      XL: |  1  2  3  4  5  6  7  8  9 10 11 12 13 14 15 |
---------------+----------------------------------------------+-----
Fighting       | 4 5 6 8 9 10 12 13 14 15 | 15.7
Armour         | 4 5 6 8 9 10 11 13 14 15 | 15.6
Shields        | 4 5 6 7 8 10 11 12 14 15 16 | 16.9
Long Blades    | 3 4 5 7 8 10 11 13 14 15 16 | 16.9
Dodging        | 1 2 3 4 |  4.0
Stealth        | 1 |  1.9
Evocations     | 1 |  1.3
Invocations    | |  0.2

Action                   |  1- 3 |  4- 6 |  7- 9 | 10-12 | 13-15 || total
-------------------------+-------+-------+-------+-------+-------++-------
Melee: Long sword        |    92 |   177 |   385 |    98 |       ||   752
       Headbutt          |    10 |    33 |    91 |   167 |   434 ||   735
       Scimitar          |       |       |       |   686 |   774 ||  1460
       Demon blade       |       |       |       |       |   534 ||   534
Invok: Heroism           |       |       |       |       |     1 ||     1
Evoke: Wand              |       |       |       |     2 |     8 ||    10
  Use: Scroll            |       |     6 |     1 |    19 |     8 ||    34
       Potion            |       |     2 |     1 |     2 |     5 ||    10
  Eat: Chunk             |     2 |     9 |    10 |    23 |    31 ||    75
       Royal jelly       |       |       |     1 |       |       ||     1
       Beef jerky        |       |       |       |     1 |     2 ||     3
       Fruit             |       |       |       |       |     4 ||     4
Armor: Scale mail        |    47 |    31 |       |       |       ||    78
       Chain mail        |       |    44 |   106 |       |       ||   150
       Plate armour      |       |       |   111 |   287 |   385 ||   783
Dodge: Dodged            |    36 |    43 |   137 |   190 |   266 ||   672
Block: Shield            |    46 |    94 |   227 |   389 |   798 ||  1554
       Reflection        |       |       |       |       |    23 ||    23
       Rpst.: Long sword |     8 |    10 |    30 |     6 |       ||    54
       Scimitar          |       |       |       |    45 |    33 ||    78
       Demon blade       |       |       |       |       |    25 ||    25
